[Event "*** Titled Tuesday 3|2 Blitz"]
[Site "Chess.com"]
[Date "2015.09.01"]
[Round "4"]
[White "fumeynoel"]
[Black "LADIESGET2KNOWME"]
[Result "0-1"]
[WhiteElo "1594"]
[BlackElo "2237"]
[TimeControl "180+2"]
[EndTime "11:52:25 PDT"]
[Termination "LADIESGET2KNOWME won by resignation"]

1. e4 e6 2. Nf3 d5 3. exd5 exd5 4. d4 Nc6 5. c3 Bd6 6. Bd3 Nge7 7. O-O O-O 8. h3 f6 9. Be3 Ng6 10. Nbd2 Nce7 11.
Qc2 Be6 12. Rfe1 Qd7 13. Re2 Bxh3 14. g3 Bg4 15. Ree1 c6 16. Kg2 Bh3+ 17. Kg1 Nf5 18.
Bf1 Bg4 19. Kg2 Rae8 20. Qd3 Re7 21. Be2 Rfe8 22. Bd1 Nxe3+ 23. Rxe3 Rxe3 24. fxe3 Bf5 25. Qf1 h5 26. Qf2 b5 27. a4 b4 28. Ng1 a5 29.
Bxh5 Re7 30. Ngf3 Nf8 31. Rh1 g6 32. Nh4 Bg4 33. Bxg6 Rg7 34. Bf5 Bxg3 35. Bxd7 Bxf2 36. Bxg4 Bxe3 37. Kf3 Bxd2 38. Nf5 Rb7 39. Nd6 Rh7 40. Rg1 Rg7 41. Nf5 Rg5 42. Ne7+ Kf7 43. Nxc6 bxc3 44. bxc3 Bxc3 45. Rc1 Bd2 46. Rc5 Ne6 47. Bxe6+ Kxe6 48. Nxa5 Rh5 49. Rc6+ Kf5 50. Rc5 Ke6 51. Ke2 Rh2+ 52. Kd3 Be1 53. Rc6+ Kf5 54. Rc5 Ke6 55. Rc6+ Kd7 56.
Rc5 Kd6 57. Rc6+ Kd7 58. Rc5 Rh3+ 59. Ke2 Bxa5 60. Rxa5 Ke6 61. Ra6+ Kf5 62. Rd6 Ke4 63. a5 f5 64. Rf6 Rh2+ 65. Kd1 Ra2 66. a6 f4 67. Kc1 f3 68. Kb1 Ra4 69. Kc2 Rxd4 70.
a7 Ra4 71. Rf7 Ke3 72. Re7+ Kf2 73. Rf7 Kg2 74. Kb3 Ra6 75. Kb4 f2 76. Kb5 Rxa7 77.
Rxa7 f1=Q+ 78. Kc6 Qc4+ 79. Kd6 d4 80. Rg7+ Kf3 81.
Rg8 Qxg8 0-1

[Event "*** Titled Tuesday 3|2 Blitz"]
[Site "Chess.com"]
[Date "2015.09.01"]
[Round "5"]
[White "Krutoy123"]
[Black "Grootneus"]
[Result "1-0"]
[WhiteElo "2203"]
[BlackElo "2015"]
[TimeControl "180+2"]
[EndTime "11:54:27 PDT"]
[Termination "Krutoy123 won by resignation"]

1. e4 c5 2. Nf3 Nc6 3. d4 cxd4 4.
Nxd4 Nf6 5. Nc3 e5 6. Ndb5 d6 7. Nd5 Nxd5 8. exd5 Nb8 9. c4 Be7 10. Be2 O-O 11. O-O a6 12. Nc3 f5 13. f3 Bg5 14.
Bxg5 Qxg5 15. Qc1 Qxc1 16. Raxc1 Nd7 17. b4 a5 18. a3 axb4 19. axb4 Ra3 20. Nb5 Ra6 21.
Ra1 Rf6 22. Nc7 Rb6 23. b5 Nc5 24. Na8 Nb3 25. Nxb6 Nxa1 26. Rxa1 1-0

[Event "*** Titled Tuesday 3|2 Blitz"]
[Site "Chess.com"]
[Date "2015.09.01"]
[Round "5"]
[White "PauloCesarCosta"]
[Black "Colombiano07"]
[Result "1-0"]
[WhiteElo "2021"]
[BlackElo "1969"]
[TimeControl "180+2"]
[EndTime "11:56:40 PDT"]
[Termination "PauloCesarCosta won by resignation"]

1. Nf3 e6 2. d4 b6 3. g3 Bb7 4. Bg2 f5 5. O-O Nf6 6. Bg5 Be7 7. Nbd2 O-O 8. c3 d6 9. Re1 Nbd7 10. Qb3 Bd5 11.
c4 Bb7 12. Nh4 Bxg2 13. Nxg2 c5 14. Nf4 Kf7 15. d5 exd5 16. cxd5 Re8 17. Ne6 Qc8 18.
Rad1 Nf8 19. Nf4 h6 20. Bxf6 Bxf6 21. e4 Ng6 22. Ne6 fxe4 23. Nxe4 Ne5 24. Nxd6+ 1-0

[Event "*** Titled Tuesday 3|2 Blitz"]
[Site "Chess.com"]
[Date "2015.09.01"]
[Round "5"]
[White "motivated_bishop"]
[Black "rikyshi"]
[Result "1-0"]
[WhiteElo "2131"]
[BlackElo "2094"]
[TimeControl "180+2"]
[EndTime "11:57:07 PDT"]
[Termination "motivated_bishop won by resignation"]

1. d4 d5 2. c4 Nc6 3. Nf3 Bg4 4. cxd5 Bxf3 5. gxf3 Qxd5 6. e3 e5 7. Nc3 Bb4 8. Bd2 Bxc3 9. bxc3 exd4 10. cxd4 O-O-O 11. Qb3 Qxf3 12. Rg1 Nxd4 13. exd4 Re8+ 14. Be3 Nf6 15. Bg2 Qf4 16. Qxb7+ Kd8 17. Qa8+ Kd7 18. Bc6+ Kd6 19.
Bxe8 Qxh2 20. Qd8+ 1-0

[Event "*** Titled Tuesday 3|2 Blitz"]
[Site "Chess.com"]
[Date "2015.09.01"]
[Round "5"]
[White "SCIM"]
[Black "Thomaslegend"]
[Result "1-0"]
[WhiteElo "2149"]
[BlackElo "2132"]
[TimeControl "180+2"]
[EndTime "11:57:33 PDT"]
[Termination "SCIM won by checkmate"]

1. d4 Nf6 2. c4 g6 3. Nc3 d5 4.
Bf4 Bg7 5. e3 Be6 6. Nf3 dxc4 7.
e4 c6 8. Ng5 Bc8 9. Bxc4 O-O 10.
h4 Nh5 11. Be3 Bg4 12. Qxg4 e5 13. dxe5 Bxe5 14. Rd1 Qa5 15. O-O Na6 16. Rd7 Nf6 17. Nxf7 Nxg4 18. Ng5+ Rf7 19. Bxf7+ Kf8 20. Ne6# 1-0

[Event "*** Titled Tuesday 3|2 Blitz"]
[Site "Chess.com"]
[Date "2015.09.01"]
[Round "5"]
[White "LADIESGET2KNOWME"]
[Black "Moltini"]
[Result "1-0"]
[WhiteElo "2246"]
[BlackElo "2133"]
[TimeControl "180+2"]
[EndTime "11:57:39 PDT"]
[Termination "LADIESGET2KNOWME won by resignation"]

1. d4 Nf6 2. c4 g6 3. Nc3 Bg7 4. e4 d6 5. Nf3 O-O 6. Be2 e5 7. O-O Nc6 8. Be3 Ng4 9. Bg5 f6 10.
Bh4 g5 11. Bg3 Nh6 12. c5 Bg4 13. cxd6 cxd6 14. dxe5 dxe5 15. Qb3+ Kh8 16. Qxb7 Bxf3 17. Qxc6 Bxe2 18. Nxe2 Rc8 19. Qa4 Qd2 20. Rfe1 Qxb2 21. Qxa7 Rc2 22. Kf1 Rd2 23. a4 Qc2 24. a5 Qxe4 25. a6 Nf5 26. Qb7 Qd3 27. a7 Nd4 28. a8=Q Nxe2 29. Qaa6 Nxg3+ 30. Kg1 Qf5 31. fxg3 Qf2+ 32.
Kh1 g4 33. Qaa7 Rg8 34. Qxf2 Rxf2 1-0

[Event "*** Titled Tuesday 3|2 Blitz"]
[Site "Chess.com"]
[Date "2015.09.01"]
[Round "5"]
[White "rhungaski"]
[Black "tac49"]
[Result "1-0"]
[WhiteElo "2474"]
[BlackElo "2425"]
[TimeControl "180+2"]
[EndTime "11:57:45 PDT"]
[Termination "rhungaski won by resignation"]

1. Nf3 d5 2. c4 c6 3. d4 Nf6 4. Qb3 dxc4 5. Qxc4 Bg4 6. Nbd2 Nbd7 7. g3 e6 8. Bg2 Be7 9. O-O O-O 10. Nb3 a5 11. Bg5 h6 12. Bxf6 Nxf6 13. Rfd1 Qd5 14. Nbd2 Qxc4 15.
Nxc4 Bxf3 16. Bxf3 Rfd8 17. a3 Nd5 18. e3 b5 19. Ne5 Rac8 20. Rac1 c5 21. dxc5 Bxc5 22. e4 Bd6 23. Nc6 1-0

[Event "*** Titled Tuesday 3|2 Blitz"]
[Site "Chess.com"]
[Date "2015.09.01"]
[Round "5"]
[White "Yaacovn"]
[Black "zmaj23"]
[Result "1-0"]
[WhiteElo "2604"]
[BlackElo "2391"]
[TimeControl "180+2"]
[EndTime "11:57:53 PDT"]
[Termination "Yaacovn won by resignation"]

1. d4 Nf6 2. Nf3 e6 3. c4 b6 4. g3 Ba6 5. Qc2 b5 6. cxb5 Bxb5 7. Bg2 d5 8. O-O Be7 9. Nc3 Ba6 10. Bg5 Nbd7 11. Ne5 Nxe5 12. dxe5 Nd7 13. Bxe7 Qxe7 14. Bxd5 Rb8 15. Bc6 O-O 16. Qa4 Nxe5 17. Bg2 Bb7 18. Bxb7 Rxb7 19. Qe4 Rxb2 20. Qxe5 Rfb8 21. Rab1 f6 22.
Qd4 R2b6 23. Rfd1 h6 24. h4 c5 25. Qe4 Kf7 26. h5 f5 27. Qe5 Qg5 28. Rd7+ Kg8 29. Qxb8+ Rxb8 30. Rxb8+ Kh7 31. Nb5 Qxh5 32. Rbb7 Qxe2 33.
Rxg7+ Kh8 34. Rgd7 Qe1+ 35. Kg2 Qe4+ 36. Kh2 1-0

[Event "*** Titled Tuesday 3|2 Blitz"]
[Site "Chess.com"]
[Date "2015.09.01"]
[Round "5"]
[White "1stSecond"]
[Black "Tirantes"]
[Result "1-0"]
[WhiteElo "2367"]
[BlackElo "2221"]
[TimeControl "180+2"]
[EndTime "11:57:57 PDT"]
[Termination "1stSecond won by resignation"]

1. d4 Nf6 2. c4 e6 3. Nc3 Bb4 4. e3 O-O 5. Bd3 c5 6. Nf3 d5 7.
O-O cxd4 8. exd4 dxc4 9. Bxc4 b6 10. Bg5 Bxc3 11. bxc3 Bb7 12. Bd3 Nbd7 13. c4 Qc7 14. Re1 Rfe8 15. h3 Rac8 16. a4 e5 17. dxe5 Nxe5 18.
Nxe5 Rxe5 19. Bxf6 gxf6 20. Rxe5 Qxe5 21. Ra2 Qg5 22. Bf1 Kg7 23. Ra3 Qe5 24. Rg3+ Kh8 25. Qd7 Qc7 26. Qg4 1-0

[Event "*** Titled Tuesday 3|2 Blitz"]
[Site "Chess.com"]
[Date "2015.09.01"]
[Round "5"]
[White "HZMC92"]
[Black "BIG_Pirate"]
[Result "0-1"]
[WhiteElo "2255"]
[BlackElo "2210"]
[TimeControl "180+2"]
[EndTime "11:58:10 PDT"]
[Termination "BIG_Pirate won by resignation"]

1. d4 d5 2. c4 c6 3. cxd5 cxd5 4. Nc3 Nf6 5. Nf3 Nc6 6. Bf4 a6 7. e3 Bg4 8. Be2 e6 9. O-O Bd6 10. Bg5 O-O 11. Rc1 Rc8 12. a3 Na5 13. Ne5 Bxe2 14. Qxe2 Nc4 15. f4 h6 16. Bxf6 gxf6 17. Ng4 Kg7 18.
Rf3 f5 19. Rg3 Rg8 20. Ne5+ Kf8 21. Qh5 Bxe5 22. fxe5 Rxg3 23. hxg3 Qg5 24. Qxg5 hxg5 25. Kf2 Nxb2 26. Ke2 Na4 27. Kd3 Rxc3+ 28. Rxc3 Nxc3 29. Kxc3 Ke7 30. a4 b5 31. axb5 axb5 32. Kb4 f6 33.
Kxb5 fxe5 34. dxe5 Kf7 35. Kc6 f4 36. gxf4 gxf4 37. exf4 d4 38. Kd6 d3 39. f5 exf5 40. Kd7 d2 41. e6+ Kf6 0-1

[Event "*** Titled Tuesday 3|2 Blitz"]
[Site "Chess.com"]
[Date "2015.09.01"]
[Round "5"]
[White "Mornar1951"]
[Black "MMSANCHEZ"]
[Result "1-0"]
[WhiteElo "2493"]
[BlackElo "2300"]
[TimeControl "180+2"]
[EndTime "11:58:30 PDT"]
[Termination "Mornar1951 won by resignation"]

1. Nf3 Nf6 2. c4 c5 3. Nc3 e6 4. g3 b6 5. Bg2 Bb7 6. O-O Be7 7. d4 cxd4 8. Qxd4 d6 9. Bg5 O-O 10. Rfd1 Qc7 11. Nb5 Qc8 12. Nxd6 Bxd6 13. Qxd6 Ne4 14. Qxf8+ Qxf8 15. Rd8 Nxg5 16. Rxf8+ Kxf8 17. Nxg5 Bxg2 18. Kxg2 h6 19. Ne4 Ke7 20. Rd1 Nd7 21. b3 Rc8 22.
Kf3 f5 23. Nc3 a6 24. Rc1 Kf6 25. Ke3 Rc6 26. h3 Ke7 27. f4 Nf6 28. Kf3 b5 29. cxb5 axb5 30. Nd5+ Kd6 31. Rxc6+ Kxc6 32. Nxf6 gxf6 33.
a3 Kc5 34. Ke3 e5 35. fxe5 fxe5 36. g4 fxg4 37. hxg4 Kd5 38. a4 bxa4 39. bxa4 Kc4 40.
Ke4 Kb4 41. Kxe5 Kxa4 42. Kf6 Kb5 43. e4 Kc5 44. e5 1-0

[Event "*** Titled Tuesday 3|2 Blitz"]
[Site "Chess.com"]
[Date "2015.09.01"]
[Round "5"]
[White "jup1978"]
[Black "Schemato"]
[Result "1-0"]
[WhiteElo "2160"]
[BlackElo "2142"]
[TimeControl "180+2"]
[EndTime "11:58:51 PDT"]
[Termination "jup1978 won by checkmate"]

1. e4 e6 2. d4 d5 3. Nd2 Be7 4. Bd3 c5 5. exd5 Qxd5 6. Ngf3 cxd4 7. O-O Nf6 8. Re1 Nc6 9. Bc4 Qh5 10. Nb3 O-O 11. Nbxd4 Rd8 12. Nxc6 Rxd1 13. Nxe7+ Kf8 14. Rxd1 Kxe7 15. b3 Bd7 16. Ba3+ Ke8 17. Rd4 Qa5 18. Bd6 Bc6 19. Ne5 Rd8 20. b4 Qb6 21. Rad1 Bd5 22. Bc5 Qc7 23. Bb5+ Nd7 24. Nxd7 Rxd7 25. Bxd7+ Qxd7 26. c4 b6 27. cxd5 bxc5 28. dxe6 Qxe6 29. bxc5 Qxa2 30. Re1+ Kf8 31. Rd8# 1-0

[Event "*** Titled Tuesday 3|2 Blitz"]
[Site "Chess.com"]
[Date "2015.09.01"]
[Round "5"]
[White "Tal-Baronfew"]
[Black "enen0315"]
[Result "1-0"]
[WhiteElo "2728"]
[BlackElo "1924"]
[TimeControl "180+2"]
[EndTime "11:59:10 PDT"]
[Termination "Tal-Baronfew won by resignation"]

1. d4 Nf6 2. c4 g6 3. Nc3 d5 4.
Nf3 Bg7 5. cxd5 Nxd5 6. Bd2 O-O 7. Rc1 Bg4 8. e3 c6 9. Be2 Nd7 10. O-O Re8 11. Nxd5 cxd5 12. h3 Bxf3 13. Bxf3 Nb6 14. Qb3 Nc4 15. Be1 e6 16. Be2 Nd6 17. Bb4 Rb8 18. Rc2 Ne4 19. Rfc1 Qg5 20. Bf3 f5 21. Rc7 Qf6 22. Qa4 a6 23. Rxb7 Ra8 24. Rcc7 Bh6 25.
Rxh7 g5 26. Bh5 Rf8 27. Qd7 f4 28. Bxf8 Rxf8 29. exf4 gxf4 30. Bg4 Ng5 31. Re7 f3 32. Bxe6+ Nxe6 33. Qxe6+ 1-0

[Event "*** Titled Tuesday 3|2 Blitz"]
[Site "Chess.com"]
[Date "2015.09.01"]
[Round "5"]
[White "Tobi-Wan-Kenobi"]
[Black "lukas_111111"]
[Result "0-1"]
[WhiteElo "2368"]
[BlackElo "2226"]
[TimeControl "180+2"]
[EndTime "11:59:29 PDT"]
[Termination "lukas_111111 won by resignation"]

1. e4 c5 2. Nf3 d6 3. d4 cxd4 4. Nxd4 Nf6 5. Nc3 a6 6. Be3 e5 7. Nb3 Be7 8. h3 Be6 9. f4 exf4 10. Bxf4 Nc6 11. Qe2 O-O 12. O-O-O Nd7 13. Kb1 Nde5 14. g4 b5 15. Qg2 b4 16. Nd5 a5 17. g5 a4 18. Nd4 Nxd4 19. Rxd4 Kh8 20. Be2 b3 21. cxb3 axb3 22. a3 Ng6 23. Be3 Bxd5 24. exd5 Qc8 25. Rc1 Qf5+ 26. Bd3 Qe5 27. Re1 Bd8 28. Qe4 Bb6 29.
Qxe5 Nxe5 0-1

[Event "*** Titled Tuesday 3|2 Blitz"]
[Site "Chess.com"]
[Date "2015.09.01"]
[Round "5"]
[White "Kempsy"]
[Black "bugsbunny444"]
[Result "1-0"]
[WhiteElo "2493"]
[BlackElo "2294"]
[TimeControl "180+2"]
[EndTime "11:59:31 PDT"]
[Termination "Kempsy won by resignation"]

1. d4 e6 2. e4 d5 3. Nd2 Nf6 4. e5 Nfd7 5. f4 c5 6. c3 Nc6 7. Ndf3 cxd4 8. cxd4 a5 9. Bd3 a4 10. Ne2 Nb6 11. O-O Be7 12. Be3 Nb4 13. Bb1 Nc4 14.
Bc1 a3 15. b3 Na5 16. Bd2 Nac6 17. Bc3 Qb6 18. Kh1 Bd7 19. Qd2 g6 20. Nc1 O-O 21. Ne2 Rac8 22. g4 f6 23. f5 exf5 24. gxf5 Bxf5 25.
Bxf5 gxf5 26. Qh6 Kh8 27. Rg1 Rf7 28. Nf4 Rg8 29. Rxg8+ Kxg8 30. Rg1+ 1-0

[Event "*** Titled Tuesday 3|2 Blitz"]
[Site "Chess.com"]
[Date "2015.09.01"]
[Round "5"]
[White "Badouuu"]
[Black "BakaPG"]
[Result "0-1"]
[WhiteElo "1845"]
[BlackElo "2436"]
[TimeControl "180+2"]
[EndTime "11:59:32 PDT"]
[Termination "BakaPG won by resignation"]

1. e4 e6 2. d4 d5 3. Nd2 Be7 4. Bd3 Nf6 5. e5 Nfd7 6. c3 c5 7. Ne2 Nc6 8. O-O g5 9. f4 gxf4 10. Rxf4 cxd4 11. cxd4 Qb6 12. Nf3 Ndxe5 13. Bc2 Ng6 14.
Rg4 e5 15. Rg3 e4 16. Ng5 h5 17. Nf4 Nxf4 18. Bxf4 Qxd4+ 19. Qxd4 Nxd4 20. Ba4+ Bd7 21. Bd1 h4 22. Rc3 Rg8 23. Nxf7 Kxf7 24. Rc7 Ke6 25.
h3 Bd6 26. Bxd6 Kxd6 27. Rxb7 Bxh3 28. Rc1 Rxg2+ 29. Kh1 Rag8 30. Ba4 Rd2 31. Rg1 Rxg1+ 32. Kxg1 Nf3+ 0-1

[Event "*** Titled Tuesday 3|2 Blitz"]
[Site "Chess.com"]
[Date "2015.09.01"]
[Round "5"]
[White "wonderfultime"]
[Black "Mazetovic"]
[Result "1-0"]
[WhiteElo "2643"]
[BlackElo "2403"]
[TimeControl "180+2"]
[EndTime "12:00:06 PDT"]
[Termination "wonderfultime won on time"]

1. d4 Nf6 2. c4 g6 3. Nc3 Bg7 4.
e4 d6 5. f3 O-O 6. Be3 e5 7.
Nge2 exd4 8. Nxd4 Nc6 9. Be2 Nh5 10. O-O Re8 11. Qd2 Nxd4 12. Bxd4 Be5 13. Rad1 Bxd4+ 14. Qxd4 Nf4 15. Rfe1 Qg5 16. Bf1 Be6 17. Qd2 Qc5+ 18. Qf2 Qxf2+ 19. Kxf2 g5 20. Nd5 Bxd5 21. cxd5 Re7 22. g3 Ng6 23. Bh3 Kf8 24. Bf5 a5 25.
Re3 Ke8 26. Rb3 Ra7 27. Rc1 Kd8 28. Kg2 h6 29. Kh3 Ne5 30. f4 Nd7 31. Rbc3 Nc5 32. e5 gxf4 33. gxf4 b6 34. Re3 a4 35. Rg1 Re8 36. Rg7 1-0

[Event "*** Titled Tuesday 3|2 Blitz"]
[Site "Chess.com"]
[Date "2015.09.01"]
[Round "5"]
[White "HansCoolNiemann"]
[Black "Mugzyyy"]
[Result "1-0"]
[WhiteElo "2058"]
[BlackElo "2527"]
[TimeControl "180+2"]
[EndTime "12:00:11 PDT"]
[Termination "HansCoolNiemann won by checkmate"]

1. d4 Nf6 2. c4 d6 3. Nf3 b6 4. Nc3 Bb7 5. g3 h6 6. Bg2 g5 7. d5 Nbd7 8. h4 g4 9. Nd4 Ne5 10. b3 Qd7 11. O-O Bg7 12. Qc2 c6 13. dxc6 Nxc6 14.
Nf5 Bf8 15. Bb2 Nb4 16. Qb1 Bxg2 17. Kxg2 O-O-O 18. a3 Nc6 19. Nd5 Ne5 20. Nxf6 exf6 21. Ne3 Kb8 22. Nd5 f5 23. a4 Bg7 24. a5 b5 25. a6 Rhe8 26. Ra5 bxc4 27. Bxe5 dxe5 28. bxc4+ Ka8 29. Qb7+ Qxb7 30. axb7+ Kxb7 31. Rb1+ Kc6 32. Rxa7 Kc5 33. Rc7+ Kd4 34. Rd1+ Ke4 35.
Nc3# 1-0

[Event "*** Titled Tuesday 3|2 Blitz"]
[Site "Chess.com"]
[Date "2015.09.01"]
[Round "5"]
[White "Dale"]
[Black "Tesla17"]
[Result "0-1"]
[WhiteElo "1934"]
[BlackElo "2118"]
[TimeControl "180+2"]
[EndTime "12:00:19 PDT"]
[Termination "Tesla17 won by checkmate"]

1. Nc3 c6 2. a4 d5 3. Nf3 Nf6 4. d3 g6 5. Bd2 Bg7 6. e4 O-O 7.
e5 Ng4 8. d4 c5 9. h3 cxd4 10.
hxg4 dxc3 11. Bxc3 Bxg4 12. a5 e6 13. a6 bxa6 14.
Ra4 h5 15. Ba5 Qe7 16. Bb4 Qd7 17. b3 Rc8 18. Bd6 Qc6 19. Bd3 Nd7 20. Rxa6 Qc3+ 21. Qd2 Bxf3 22. gxf3 Bxe5 23. Bxe5 Nxe5 24. Qxc3 Rxc3 25.
Kd2 Rc7 26. Be2 Rac8 27. Bd1 Kg7 28. f4 Nc6 29. Ra4 Ne7 30. Rg1 Nf5 31. Ra2 Nd4 32.
Kd3 Nf5 33. Bxh5 Rc3+ 34. Kd2 Nd4 35. Bd1 R8c7 36. Rg3 R3c6 37. Kd3 Nf5 38. Rg5 Kf6 39. Ra4 Rc3+ 40. Kd2 Rh3 41. Be2 Rh4 42. Bd3 Nd6 43. Ra6 Ke7 44. Re5 Rxf4 45. Re2 g5 46. c3 Rf3 47. b4 g4 48. Ra1 f5 49. Rh1 Rh3 50. Ra1 Kf6 51. Ra6 Ne4+ 52. Kc2 Rxc3+ 53. Kb2 Rhxd3 54. f4 gxf3 55. Rh2 Rb3+ 56. Kc2 Rdc3+ 57. Kd1 Rb1# 0-1

[Event "*** Titled Tuesday 3|2 Blitz"]
[Site "Chess.com"]
[Date "2015.09.01"]
[Round "5"]
[White "facu57"]
[Black "FairChess_on_YouTube"]
[Result "1/2-1/2"]
[WhiteElo "2468"]
[BlackElo "2709"]
[TimeControl "180+2"]
[EndTime "12:00:23 PDT"]
[Termination "Game drawn by repetition"]

1. d4 Nf6 2. Nf3 b5 3. g3 Bb7 4.
Bg2 e6 5. O-O c5 6. c3 Be7 7. a3 O-O 8. dxc5 Bxc5 9. b4 Bb6 10. a4 bxa4 11. Qxa4 a5 12. b5 d5 13.
Ba3 Re8 14. c4 Nbd7 15. Nbd2 d4 16. Ng5 Bxg2 17. Kxg2 Ne5 18. Ngf3 Nxf3 19. Nxf3 Ne4 20. Qc2 Nc5 21. Bxc5 Bxc5 22. Ne5 Qc7 23. Nd3 e5 24.
Nxc5 Qxc5 25. f3 h5 26. h4 g6 27. Rfc1 e4 28. fxe4 Re6 29. Rf1 Rc8 30. Rxa5 Qxc4 31. Qxc4 Rxc4 32. Rf4 Rc2 33. Rf2 Rxe4 34. Ra8+ Kg7 35.
Ra7 Rb2 36. Rfxf7+ Kg8 37. Rf2 Rxb5 38. Ra8+ Kg7 39. Ra7+ Kg8 40. Ra8+ Kg7 41. Ra7+ Kg8 42. Ra8+ Kg7 43. Ra7+ 1/2-1/2

[Event "*** Titled Tuesday 3|2 Blitz"]
[Site "Chess.com"]
[Date "2015.09.01"]
[Round "5"]
[White "stefanodinn"]
[Black "Gabrinsky"]
[Result "1-0"]
[WhiteElo "2117"]
[BlackElo "1988"]
[TimeControl "180+2"]
[EndTime "12:00:29 PDT"]
[Termination "stefanodinn won by checkmate"]

1. e4 e6 2. d4 d5 3. Nd2 a6 4. Ngf3 Nf6 5. e5 Nfd7 6. c3 c5 7. Bd3 Nc6 8. O-O g5 9. dxc5 g4 10. Nd4 Ncxe5 11. Be2 Bxc5 12. N2b3 Bd6 13. Bxg4 Qc7 14.
g3 b6 15. Re1 Bb7 16. Bxe6 fxe6 17. Nxe6 Qc4 18. Qh5+ Ke7 19. Nbd4 h6 20. Bxh6 Nf6 21. Qg5 Rag8 22. Bg7 Nd7 23. Nf5+ Ke8 24. Nxd6+ Ke7 25. Nxc4 dxc4 26. Nc5+ Kf7 27. Nxd7 Nxd7 28. Re7# 1-0

[Event "*** Titled Tuesday 3|2 Blitz"]
[Site "Chess.com"]
[Date "2015.09.01"]
[Round "5"]
[White "WanderingPuppet"]
[Black "alexsuper1987"]
[Result "0-1"]
[WhiteElo "2156"]
[BlackElo "2142"]
[TimeControl "180+2"]
[EndTime "12:00:30 PDT"]
[Termination "alexsuper1987 won on time"]

1. e4 Nc6 2. Nf3 f5 3. e5 d6 4.
Bb5 dxe5 5. Nxe5 Qd5 6. Qh5+ g6 7. Nxg6 Qe4+ 8. Kf1 Nf6 9. Qh4 Qxc2 10. Nc3 hxg6 11. Qxh8 Be6 12. d3 O-O-O 13. Be3 Ng4 14. Bxc6 bxc6 15. h3 Bh6 16. Qxd8+ Kxd8 17. hxg4 Bxe3 18. fxe3 Qxb2 19. Rd1 Qxc3 20. Kg1 Bxa2 21. Kh2 Qe5+ 22. Kg1 Qxe3+ 23. Kh2 Qf4+ 24. Kg1 Qxg4 25. Ra1 Qd4+ 26.
Kh2 Bd5 27. Rhe1 Qh4+ 28. Kg1 Qd4+ 0-1

[Event "*** Titled Tuesday 3|2 Blitz"]
[Site "Chess.com"]
[Date "2015.09.01"]
[Round "5"]
[White "jcibarra"]
[Black "AnthonyWirig"]
[Result "1-0"]
[WhiteElo "2563"]
[BlackElo "2522"]
[TimeControl "180+2"]
[EndTime "12:00:43 PDT"]
[Termination "jcibarra won by resignation"]

1. e4 e6 2. d4 d5 3. Nc3 Nc6 4. Nf3 Nf6 5. e5 Nd7 6. a3 f6 7. exf6 Qxf6 8. Bg5 Qf7 9. Bh4 h6 10. Bd3 Bd6 11. Nb5 O-O 12. Nxd6 cxd6 13. c4 e5 14.
cxd5 Nxd4 15. Nxd4 exd4 16. O-O Qxd5 17. Rc1 Ne5 18.
Bc2 Kh8 19. Bb3 Qe4 20. Be7 Bg4 21. Qe1 Qg6 22. f4 Nd3 23. Bc2 Bf5 24. Bxd3 Bxd3 25. Bxf8 Rxf8 26. Rf3 Be4 27. Rg3 Qf5 28. Rc7 Rg8 29. Qf2 d3 30. Qd4 Qh7 31. Rgxg7 Rxg7 32. Rc8+ Qg8 33. Rxg8+ Kxg8 34. Qxe4 1-0

[Event "*** Titled Tuesday 3|2 Blitz"]
[Site "Chess.com"]
[Date "2015.09.01"]
[Round "5"]
[White "Penguininja"]
[Black "Danirod"]
[Result "0-1"]
[WhiteElo "2142"]
[BlackElo "2357"]
[TimeControl "180+2"]
[EndTime "12:00:44 PDT"]
[Termination "Danirod won by resignation"]

1. d4 Nf6 2. c4 e6 3. g3 c5 4. Nf3 cxd4 5. Nxd4 Nc6 6. Bg2 Bb4+ 7. Bd2 Be7 8. Nb3 d6 9. O-O O-O 10. Nc3 Ne5 11. Nb5 Nxc4 12. Qc2 d5 13. e4 a6 14. Nc3 Nxd2 15. Nxd2 d4 16. e5 dxc3 17. exf6 Bxf6 18.
bxc3 Qc7 19. Ne4 Be7 20. Rab1 Rb8 21. Rfd1 Bd7 22. c4 Bc6 23. c5 Rfd8 24. Rd2 Rxd2 25.
Qxd2 Qe5 26. Rb4 Bxc5 27. Nxc5 Qxc5 28. Bxc6 Qxc6 29. Rd4 h5 30. Qg5 Qf3 31. h4 Rc8 32. Rd7 b5 33. Qd2 Qc6 34. Kh2 Qc2 35. Qf4 Qf5 36.
Qd4 Rc2 37. Rd8+ Kh7 38. Kg2 Rxa2 39. Rf8 Re2 40. Qc5 Qxc5 0-1

[Event "*** Titled Tuesday 3|2 Blitz"]
[Site "Chess.com"]
[Date "2015.09.01"]
[Round "5"]
[White "Boryboy"]
[Black "manubibi"]
[Result "1-0"]
[WhiteElo "2495"]
[BlackElo "2422"]
[TimeControl "180+2"]
[EndTime "12:00:45 PDT"]
[Termination "Boryboy won by resignation"]

1. d4 Nf6 2. c4 g6 3. Nc3 Bg7 4. e4 d6 5. h3 O-O 6. Bg5 c5 7. d5 h6 8. Be3 e6 9. Bd3 exd5 10.
cxd5 Re8 11. Nf3 a6 12. a4 c4 13. Bc2 Nbd7 14. O-O Qc7 15. Qd2 h5 16. Rfe1 Nc5 17. Bd4 Bd7 18. e5 dxe5 19. Bxe5 Qd8 20. Qd4 Rc8 21.
Rad1 b5 22. axb5 axb5 23. Ng5 Rxe5 24. Qxe5 Nh7 25. Nxf7 Bxe5 26. Nxd8 Bxc3 27. bxc3 Rxd8 28.
Bxg6 Nf6 29. d6 Kg7 30. Bc2 Be6 31. Re5 Rc8 32. Rb1 Bd7 33. Re7+ Kf8 34. Bg6 Kg8 35. Rbe1 Rc6 36. R1e5 Nd3 37. Rg5 Rxd6 38. Bxh5+ Kf8 39. Rf7+ 1-0

[Event "*** Titled Tuesday 3|2 Blitz"]
[Site "Chess.com"]
[Date "2015.09.01"]
[Round "5"]
[White "ChadaevNikolay"]
[Black "Ar4uha"]
[Result "1-0"]
[WhiteElo "2601"]
[BlackElo "2392"]
[TimeControl "180+2"]
[EndTime "12:01:00 PDT"]
[Termination "ChadaevNikolay won by resignation"]

1. e4 d5 2. exd5 Nf6 3. d4 Nxd5 4. Nf3 g6 5. Be2 Bg7 6. c4 Nb6 7. O-O O-O 8. Be3 Bg4 9. Nbd2 Nc6 10. h3 Bf5 11.
Nb3 Nb4 12. Ne1 a5 13. a3 Nc6 14. Nf3 a4 15. Nc5 Nd7 16. Nxa4 e5 17. d5 Nd4 18. Nc3 Nc2 19. g4 e4 20. Nd4 Nxe3 21. fxe3 Qg5 22. Rf4 Nc5 23. Kh1 Bd7 24. b4 Bxd4 25.
Qxd4 Nb3 26. Qd1 Nxa1 27. Nxe4 Qh4 28. Nf6+ Kh8 29. Kg2 Rxa3 30. Nxd7 Rxe3 31. Qd4+ f6 32. Qxe3 Nc2 33. Qe7 Ne1+ 34. Kh2 Rg8 35. Qxf6+ Qxf6 36. Nxf6 Rf8 37. g5 Nc2 38. c5 Kg7 39. Re4 Kf7 40.
d6 cxd6 41. Bc4+ d5 42. Bxd5+ 1-0

[Event "*** Titled Tuesday 3|2 Blitz"]
[Site "Chess.com"]
[Date "2015.09.01"]
[Round "5"]
[White "Fawolizzo"]
[Black "Haridaskesavan"]
[Result "0-1"]
[WhiteElo "1966"]
[BlackElo "2014"]
[TimeControl "180+2"]
[EndTime "12:01:12 PDT"]
[Termination "Haridaskesavan won by resignation"]

1. d4 g6 2. c4 Bg7 3. Nc3 e6 4. Nf3 Ne7 5. e4 d5 6. exd5 exd5 7. cxd5 Nxd5 8. Bc4 Nxc3 9. bxc3 O-O 10. O-O c6 11. h3 Nd7 12. a4 Nb6 13. Bb3 Nd5 14.
Bd2 h6 15. Re1 Be6 16. Rb1 b6 17. Qe2 Re8 18. Qd3 Qf6 19. c4 Nf4 20. Bxf4 Qxf4 21. d5 Bf5 22. Qd2 Qxd2 23. Nxd2 Bxb1 24. Rxb1 cxd5 25.
cxd5 Rad8 26. f3 f5 27. Kf1 Bc3 28. Rd1 Bxd2 29. Rxd2 Re3 30. Bc4 Rc3 31. Ba2 Rd6 32.
Rb2 Ra3 33. Bb3 Kg7 34. Ke2 Kf6 35. f4 Ra1 36. Kd3 Rc1 37. a5 bxa5 38. Bc4 Rb6 39. Ra2 Rb4 40. Ba6 Rd1+ 41. Kc3 Rxd5 42. Re2 Rc5+ 43.
Kd3 Rxf4 44. Bb7 a4 45. g3 Rb4 46. Re8 Rxb7 0-1

[Event "*** Titled Tuesday 3|2 Blitz"]
[Site "Chess.com"]
[Date "2015.09.01"]
[Round "5"]
[White "Tesla37"]
[Black "MattyDPerrine"]
[Result "1-0"]
[WhiteElo "2551"]
[BlackElo "2250"]
[TimeControl "180+2"]
[EndTime "12:01:15 PDT"]
[Termination "Tesla37 won on time"]

1. e4 c5 2. Nf3 e6 3. Nc3 a6 4.
d4 cxd4 5. Nxd4 Qc7 6. Bd3 Nf6 7.
O-O Bc5 8. Nb3 Be7 9. Qe2 Nc6 10. f4 d6 11. Kh1 b5 12. Bd2 Bb7 13. Rae1 h5 14. a4 bxa4 15. Nxa4 Rc8 16. c4 Nd7 17.
Bc3 Bf6 18. Qe3 Bxc3 19. Nxc3 Qb6 20. Qxb6 Nxb6 21. Nd2 Nb4 22. Be2 h4 23. h3 Ke7 24.
b3 Rhg8 25. Ra1 Nc2 26. Ra2 Nd4 27. Bd3 g5 28. f5 Nd7 29. Bb1 g4 30. hxg4 Rxg4 31.
Nf3 Nxb3 32. Raf2 Rxc4 33. fxe6 fxe6 34. Nd1 Rf4 35. Nb2 Rc8 36. Nd3 Rf7 37. Ba2 Nbc5 38. Nxc5 Nxc5 39. e5 Bxf3 40. exd6+ Kxd6 41. gxf3 Nd7 42. Rd2+ Ke7 43. Re1 Rf6 44. Kg2 Rg8+ 45. Kf2 h3 46.
Ke3 Rg2 47. Rxg2 hxg2 48. Rg1 Rg6 49. Bb1 Rg7 50. Kf2 a5 51. f4 a4 52. Be4 a3 53.
Bxg2 1-0